 Dungeon Crawl Stone Soup version 0.27-a0-760-gc38aae387d (webtiles) character file.

Game seed: 7399642127016206077

73 night the Insei (level 4, -1/32 HPs)
             Began as a Djinni Transmuter on Mar 25, 2021.
             Slain by Grinder (9 damage)
             ... while paralysed by Grinder
             ... on level 3 of the Dungeon.
             The game lasted 00:05:03 (3461 turns).

night the Insei (Djinni Transmuter)                 Turns: 3461, Time: 00:05:04

Health: -1/32      AC:  2    Str:  9    XL:     4   Next: 27%
Gold:   87         EV:  2    Int: 16    God:
                   SH:  0    Dex: 13

rFire    + + .     SeeInvis .     - Unarmed
rCold    x . .     Faith    .   (no shield)
rNeg     . . .     Spirit   .   a - +0 robe
rPois    ∞         Reflect  .   (no helmet)
rElec    .         Harm     .   (no cloak)
rCorr    .         Rampage  .   (no gloves)
Will     .....                  (boots unavailable)
Stlth    +.........             (no amulet)
HPRegen  0.10/turn              (no ring)
MPRegen  0.00/turn              (no ring)

@: paralysed, flying
A: fire resistance 2, cold vulnerability 1, float, innate caster, hp casting,
extra vitality 1
a: no special abilities


You were on level 3 of the Dungeon.
You visited 1 branch of the dungeon, and saw 3 of its levels.

You collected 87 gold pieces.

Inventory:

Armour
 a - a +0 robe (worn)
 c - a +0 cloak
Scrolls
 e - a scroll of enchant weapon {unknown}
 g - a scroll of fog {unknown}
 h - 3 scrolls of identify {unknown}
 i - a scroll of teleportation {unknown}
 j - a scroll of magic mapping {unknown}
Potions
 b - a potion of flight {unknown}
 d - 2 potions of curing {unknown}
 f - a potion of lignification {unknown}
 k - a potion of attraction {unknown}


   Skills:
 + Level 1.6 Fighting
 - Level 2.1 Dodging
 * Level 4.3 Unarmed Combat
 + Level 2.4 Spellcasting


You couldn't memorise any spells.
You knew the following spells:

 Your Spells              Type           Power      Damage    Failure   Level
a - Sting                 Tmut/Pois      36%        1d4       8%          1
b - Beastly Appendage     Tmut           18%        N/A       8%          1
c - Spider Form           Tmut/Pois      4%         N/A       22%         3
d - Ice Form              Ice/Tmut       9%         N/A       58%         4
e - Blade Hands           Tmut           4%         N/A       90%         5
f - Wereblood             Tmut           9%         N/A       11%         2
Your spell library was empty.

Dungeon Overview and Level Annotations

Branches:
Dungeon (3/15)

Altars:
Elyvilon
Nemelex Xobeh
The Shining One

Annotations:
D:3 Grinder


Innate Abilities, Weirdness & Mutations

You are immune to poison.
Your flesh is very heat resistant. (rF++)
You are vulnerable to cold. (rC-)
You float through the air rather than walking.
You learn spells naturally, not from books.
Your magical power is your life essence.
You have superior vitality. (+4 HP)


Message History

You start resting.
Grinder opens the door.
Casting: Sting (safe; 8% risk of failure)
Confirm with . or Enter, or press ? or * to list all spells.
Aiming: Sting (safe; 8% risk of failure)
Press: ? - help, Shift-Dir - straight line, f/p - Grinder
Aim: Grinder (lightly wounded, 36% to evade)
The sting hits Grinder but does no damage.
Grinder is poisoned.
Grinder is lightly wounded.
Casting: Sting (safe; 8% risk of failure)
Confirm with . or Enter, or press ? or * to list all spells.
Aiming: Sting (safe; 8% risk of failure)
Press: ? - help, Shift-Dir - straight line, f/p - Grinder
Aim: Grinder (lightly wounded, poisoned, 36% to evade)
The sting hits Grinder but does no damage.
Grinder looks even sicker.
Grinder is lightly wounded.
Grinder barely misses you.
Casting: Sting (safe; 8% risk of failure)
Confirm with . or Enter, or press ? or * to list all spells.
Aiming: Sting (safe; 8% risk of failure)
Press: ? - help, Shift-Dir - straight line, f/p - Grinder
Aim: Grinder (lightly wounded, very poisoned, 36% to evade)
The sting hits Grinder.
Grinder partially resists.
Grinder is lightly wounded.
Grinder hits you!
You writhe in agony.
Grinder blinks!
You aren't carrying any items that you can evoke.
Casting: Sting (safe; 8% risk of failure)
Confirm with . or Enter, or press ? or * to list all spells.
Okay, then.
Grinder gestures at you.
You suddenly lose the ability to move!
Grinder hits you.
* * * LOW HITPOINT WARNING * * *
Grinder gestures at you.
You shrug off the repeated paralysis!
Grinder hits you!
You die...

#.##.# #.# ##.## #...≈
#.##.# #.# #.# ##...
#.##.###.# #.# ##..
#........# #+## ##.
####.##### ##...## #.
#.### ##...).## #.
#.#.## ##......>## #.
#....####..(......####.
#.....@5'.........+....
#....####.........####.
#.#.## ##.......## #.
#.### ##.....## #. #.#
##...## ## #.# #+## #.#


You could see Grinder (poisoned).

Vanquished Creatures
  An adder (D:2)
  3 worms
  A dart slug (D:2)
  4 bats
  4 endoplasms (D:1)
  4 giant cockroaches
  4 goblins
  3 hobgoblins
  2 jackals (D:2)
  7 quokkas
  6 ball pythons
  5 frilled lizards
  2 kobolds (D:2)
  3 rats
  A bush (D:2)
50 creatures vanquished.

Notes
Turn   | Place    | Note
-------+----------+-------------------------------------------
     0 | D:1      | night the Djinni Transmuter began the quest for the Orb.
     0 | D:1      | Reached XP level 1. HP: 17/17 MP: 0/0
   196 | D:1      | Reached XP level 2. HP: 10/22 MP: 0/0
   208 | D:1      | Reached skill level 2 in Spellcasting
  1017 | D:1      | Reached XP level 3. HP: 21/27 MP: 0/0
  1017 | D:1      | Learned a level 1 spell: Sting
  2151 | D:2      | Reached skill level 4 in Unarmed Combat
  2326 | D:2      | Found a sparkling altar of Nemelex Xobeh.
  2738 | D:2      | Reached XP level 4. HP: 27/32 MP: 0/0
  3030 | D:2      | Found a glowing golden altar of the Shining One.
  3221 | D:3      | Found a white marble altar of Elyvilon.
  3427 | D:3      | Noticed Grinder
  3456 | D:3      | Paralysed by Grinder for 7 turns
  3461 | D:3      | Slain by Grinder

Illustrated notes

Levels and vault maps discovered:
D:1:      ncdulo_smallfort, layout_basic, minmay_misc_feat_plants, st_stairs_3
D:2:      layout_loops_ring, nicolae_overflow_crystal_walls, serial_forest,
          infiniplex_forest_lined_2, infiniplex_forest_lined_room_,
          infiniplex_forest_clump_curved, infiniplex_forest_lined_room_,
          infiniplex_forest_end_3, infiniplex_forest_lined_3,
          nicolae_tso_swordbearing_angel
D:3:      layout_loops_corners, elyvilon_altar_3, uniq_sigmund, uniq_grinder

Skill      XL: |  1  2  3 |
---------------+----------+-----
Spellcasting   | 2 |  2.4
Unarmed Combat | 4 |  4.3
Fighting       | |  1.6
Dodging        | |  2.1

Action                   |  1- 3 |  4- 6 || total
-------------------------+-------+-------++-------
Melee: Unarmed           |   216 |     2 ||   218
       Headbutt          |     8 |       ||     8
       Punch             |     4 |       ||     4
 Cast: Beastly Appendage |    16 |       ||    16
       Sting             |    37 |    22 ||    59
Armor: Robe              |     9 |     1 ||    10
Dodge: Dodged            |    40 |     4 ||    44

Table legend: (Time is in decaauts)
 A = Elapsed time spent in this place.
 B = Non-inter-level travel time spent in this place.
 C = Inter-level travel time spent in this place.
 D = Time resting spent in this place.
 E = Time spent auto-exploring this place.
 F = Levels seen in this place.
 G = Mean time per level.
                   A        B        C        D        E       F      G
               +--------+--------+--------+--------+--------+-----+--------+
         Total |   3446 |   3335 |    111 |    460 |   2340 |   3 | 1148.7 |
       Dungeon |   3446 |   3335 |    111 |    460 |   2340 |   3 | 1148.7 |
               +--------+--------+--------+--------+--------+-----+--------+

Top non-repeatable levels by time:
     D:1: 1636 daAuts
     D:2: 1556 daAuts
     D:3: 253 daAuts
